 Dungeon Crawl Stone Soup version 0.28-a0-1130-gc51a68064b (webtiles) character file.

Game seed: 12007235493010230739

201 ytrimaz the Insei (level 5, -1/34 HPs)
             Began as an Octopode Transmuter on Dec 12, 2021.
             Killed by divine providence
             ... invoked by an orc priest
              (11 damage)
             ... on level 3 of the Dungeon.
             The game lasted 00:03:41 (3305 turns).

ytrimaz the Insei (Octopode Transmuter)             Turns: 3305, Time: 00:03:41

Health: -1/34      AC:  2    Str:  9    XL:     5   Next: 79%
Magic:  10/10      EV: 19    Int: 17    God:
Gold:   56         SH:  0    Dex: 18    Spells: 4/10 levels left

rFire   . . .      SeeInvis .     - Unarmed
rCold   . . .      Faith    .   (shield currently unavailable)
rNeg    . . .      Spirit   .   (helmet currently unavailable)
rPois   x          Reflect  .   (no amulet)
rElec   .          Harm     .   (no ring)
rCorr   .          Rampage  .   (no ring)
Will    .....                   (no ring)
Stlth   +.........              (no ring)
HPRegen 0.11/turn               (no ring)
MPRegen 0.12/turn               (no ring)
                                (no ring)
                                (no ring)

@: confused, spider-form (expiring), ambrosia-drunk
A: venomous fangs, almost no armour, (amphibious), 8 rings, tiny, (camouflage
1), (gelatinous body 1), (nimble swimmer 1), (tentacles)
a: End Transformation


You were on level 3 of the Dungeon.
You were a venomous arachnid creature.
You visited 1 branch of the dungeon, and saw 4 of its levels.

You collected 56 gold pieces.

Inventory:

Scrolls
 d - a scroll of teleportation
 f - a scroll of vulnerability
 k - a scroll of magic mapping
Potions
 b - a potion of ambrosia
 c - a potion of attraction {unknown}
 e - 2 potions of haste {unknown}
 g - 2 potions of curing {unknown}
 h - a potion of invisibility {unknown}
 i - a potion of degeneration {unknown}
 j - a potion of heal wounds {unknown}


   Skills:
 * Level 2.3 Fighting
 - Level 2.0 Dodging
 + Level 4.3 Unarmed Combat
 * Level 3.3 Spellcasting
 * Level 2.4 Transmutations
 * Level 1.8 Poison Magic


You had 4 spell levels left.
You knew the following spells:

 Your Spells              Type           Power      Damage    Failure   Level
a - Beastly Appendage     Tmut           22%        N/A       17%         1
b - Wereblood             Tmut           11%        N/A       24%         2
c - Spider Form           Tmut/Pois      10%        N/A       41%         3

Your spell library contained the following spells:

 Spells                   Type           Power      Damage    Failure   Level
 Ice Form                 Ice/Tmut       7%         N/A       87%         4


Dungeon Overview and Level Annotations

Branches:
Dungeon (4/15)
 Temple: D:4-7

Altars:
Qazlal
Xom


Innate Abilities, Weirdness & Mutations

You are a venomous arachnid creature.
You have poisonous fangs.
You are tiny and dextrous.
Your spellcasting is less reliable in this form.
Your armour is entirely melded.
You are incapable of wielding weapons or throwing items.
You cannot wear most types of armour.
((You are amphibious.))
You can wear up to eight rings at the same time.
((Your skin changes colour to match your surroundings (Stealth+).))
((Your rubbery body absorbs attacks. (AC +1, EV +1)))
((You are camouflaged near water. (Stealth+)))
((You have tentacles for arms and can constrict up to eight enemies at once.))


Message History

The orc is almost dead.
The orc misses you.
You hit the orc.
You kill the orc!
No target in view!
You climb downwards.
Your transformation is almost over.
There is a stone staircase leading up, spattered with blood here.
The orc wizard casts a spell.
The orc wizard flickers and vanishes!
Deactivating autopickup; reactivate with Ctrl-A.
The orc priest calls down the wrath of Beogh upon you.
Beogh smites you!
You climb upwards.
Reactivating autopickup.
There is a stone staircase leading down here.
You hit the orc priest.
The orc priest is poisoned.
The orc priest is moderately wounded.
The orc priest calls down the wrath of Beogh upon you.
Pain shoots through your body!
* * * LOW HITPOINT WARNING * * *
You hit the orc priest but do no damage.
The orc priest is severely wounded.
The orc priest hits you with a +0 club.
* * * LOW HITPOINT WARNING * * *
Unknown command.
You barely miss the orc priest.
The orc priest is severely wounded.
The orc priest hits you with a +0 club.
* * * LOW HITPOINT WARNING * * *
Unknown command.
It was a potion of ambrosia.
You are confused.
You feel invigorated.
The orc priest looks braver for a moment.
Unknown command.
You bump into the rock wall.
The orc priest mumbles some strange prayers to Beogh against you.
Beogh smites you!
You die...

#......######.....###..#......
#......##..........##.##.8.8.8
###.##.##....##..#....#.......
#..#.......#..####..#.8.8.8.
##...##......####...#.......
###........####..#..##..##)
#####.).......###.#...##.
#..##÷##...........###
#####.###s#..##..##...## #
##......##o).##...###...# #
##........##..##...# #.#.###
#................#.# #.#..##
#..........##.####.###.##.##
#.............# #.....##..#
#......<[...#.#######.......
#..........##...............
##........#...^.^(≈≈......÷#


You could see an orc priest (very poisoned).

Vanquished Creatures
  A howler monkey (D:3)
  Natasha (thrice) (D:3)
  3 adders
  2 dart slugs
  2 orcs (D:3)
  3 endoplasms (D:1)
  A giant cockroach (D:1)
  4 goblins
  4 hobgoblins
  5 jackals
  A quokka (D:1)
  5 ball pythons
  8 bats
  4 frilled lizards
  5 kobolds
  8 rats
59 creatures vanquished.

Notes
Turn   | Place    | Note
-------+----------+-------------------------------------------
     0 | D:1      | ytrimaz the Octopode Transmuter began the quest for the
                  | Orb.
     0 | D:1      | Reached XP level 1. HP: 13/13 MP: 3/3
   306 | D:1      | Reached XP level 2. HP: 18/18 MP: 3/5
   325 | D:1      | Learned a level 2 spell: Wereblood
   823 | D:1      | Reached XP level 3. HP: 11/23 MP: 6/6
   827 | D:1      | Learned a level 3 spell: Spider Form
  1614 | D:2      | You fall into a shaft and drop 1 floor!
  1727 | D:2      | Reached XP level 4. HP: 20/29 MP: 5/8
  1904 | D:3      | Reached skill level 1 in Poison Magic
  2073 | D:3      | Noticed Natasha
  2082 | D:3      | Killed Natasha
  2083 | D:3      | Reached skill level 4 in Unarmed Combat
  2243 | D:3      | Noticed Natasha
  2251 | D:3      | Killed Natasha
  2252 | D:3      | Reached XP level 5. HP: 17/34 MP: 7/9
  2439 | D:3      | Found a shimmering altar of Xom.
  2452 | D:3      | Noticed Natasha
  2462 | D:3      | Killed Natasha
  2659 | D:3      | Found a stormy altar of Qazlal.
  3303 | D:3      | HP: 1/34 [orc priest (3)]
  3305 | D:3      | Killed from afar by an orc priest

Illustrated notes

Levels and vault maps discovered:
D:1:      minmay_arrival_wavy_path, layout_basic
D:2:      layout_loops_ring
D:3:      layout_rooms, grunt_qazlal_sundering, general_overflow_altar,
          minmay_misc_feat_pillars, uniq_natasha
D:4:      layout_cave_pools, nicolae_shop_self_help

Skill      XL: |  1  2  3  4 |
---------------+-------------+-----
Poison Magic   | 1 |  1.8
Unarmed Combat | 4 |  4.3
Fighting       | 2 |  2.3
Spellcasting   | 3 |  3.3
Dodging        | |  2.0
Transmutations | |  2.4

Action                   |  1- 3 |  4- 6 || total
-------------------------+-------+-------++-------
Melee: Unarmed           |    81 |    54 ||   135
       Kick              |    20 |     7 ||    27
       Constrict         |    28 |    13 ||    41
       Tentacles         |     8 |     7 ||    15
       Punch             |     1 |       ||     1
 Cast: Beastly Appendage |    19 |    10 ||    29
       Spider Form       |       |     1 ||     1
  Use: Scroll            |     1 |     3 ||     4
       Potion            |       |     1 ||     1
 Stab: Sleeping          |     3 |     1 ||     4
Armor: Skin              |     8 |     4 ||    12
Dodge: Dodged            |    53 |    41 ||    94

Table legend: (Time is in decaauts)
 A = Elapsed time spent in this place.
 B = Non-inter-level travel time spent in this place.
 C = Inter-level travel time spent in this place.
 D = Time resting spent in this place.
 E = Time spent auto-exploring this place.
 F = Levels seen in this place.
 G = Mean time per level.
                   A        B        C        D        E       F      G
               +--------+--------+--------+--------+--------+-----+--------+
         Total |   3300 |   3260 |     40 |    504 |   2308 |   4 |  825.0 |
       Dungeon |   3300 |   3260 |     40 |    504 |   2308 |   4 |  825.0 |
               +--------+--------+--------+--------+--------+-----+--------+

Top non-repeatable levels by time:
     D:3: 1402 daAuts
     D:1: 1141 daAuts
     D:2: 740 daAuts
     D:4: 15 daAuts
